 Dungeon Crawl Stone Soup version 0.18.1-8-gdd0e5ea (webtiles) character file.

1651 KrisztiCat the Covert (level 8, 0/39 HPs)
             Began as a Spriggan Enchanter on June 7, 2016.
             Slain by a spriggan baker
             ... wielding a +0 dagger
              (11 damage)
             ... on level 7 of the Dungeon on June 8, 2016.
             The game lasted 00:59:49 (5967 turns).

KrisztiCat the Covert (Spriggan Enchanter)          Turns: 5967, Time: 00:59:50

Health: 0/39       AC:  5    Str: 11    XL:     8   Next: 68%
Magic:  1/13       EV: 18    Int: 16    God:
Gold:   309        SH:  0    Dex: 17    Spells: 3 memorised, 6 levels left

rFire  + . .     SeeInvis +     a - +1 dagger
rCold  x . .     Gourm    .     b - +1 robe
rNeg   . . .     Faith    .     (shield restricted)
rPois  .         Spirit   .     r - +1 hat
rElec  .         Dismiss  .     q - +0 cloak
rCorr  .         Reflect  .     (gloves unavailable)
SustAt .         Harm     .     (boots unavailable)
MR     ++...                    h - amulet of regeneration
Stlth  ++++++....               y - ring of fire
                                g - ring of protection from magic

@: mighty, very slightly contaminated, very quick, very resistant to hostile
enchantments, very stealthy
A: unfitting armour, see invisible, herbivore 3, speed 3, slow metabolism 2
a: no special abilities


You were on level 7 of the Dungeon.
You were very hungry.

You visited 1 branch of the dungeon, and saw 7 of its levels.

You collected 399 gold pieces.
You spent 90 gold pieces at shops.

Inventory:

Hand Weapons
 a - a +1 dagger (weapon)
Armour
 b - a +1 robe (worn)
 q - a +0 cloak (worn)
 r - a +1 hat (worn)
Jewellery
 g - a ring of protection from magic (left hand)
 h - an amulet of regeneration (around neck)
 y - a ring of fire (right hand)
Wands
 B - a wand of lightning (12/15)
 D - a wand of iceblast (6/15)
 E - a wand of lightning (5/15)
Scrolls
 e - 2 scrolls of random uselessness {unknown}
 f - a scroll of immolation {unknown}
 i - a scroll of fear {unknown}
 k - 3 scrolls of recharging
 l - a scroll of noise {unknown}
 m - 3 scrolls of fog {unknown}
 o - 3 scrolls of amnesia
 p - 2 scrolls of remove curse
 w - 2 scrolls of teleportation
 F - a scroll of enchant armour {unknown}
Potions
 j - a potion of ambrosia
 s - a potion of magic
 t - a potion of brilliance
 u - a potion of flight
 v - a potion of degeneration {unknown}
 x - 2 potions of mutation
 z - 3 potions of haste
 A - 3 potions of curing
 C - a potion of berserk rage {unknown}
Books
 c - a book of Maledictions

   Spells                             Type                      Level
   a - Corona                         Hexes                        1
   b - Ensorcelled Hibernation        Hexes/Ice                    2
   c - Confuse                        Hexes                        3
   d - Tukima's Dance                 Hexes                        3
   e - Dazzling Spray                 Conjuration/Hexes            3
Comestibles
 d - 5 bread rations
 G - 3 fruits


   Skills:
 + Level 1.9 Fighting
 + Level 6.6 Short Blades
 - Level 3.0 Dodging
 - Level 12.0 Stealth
 - Level 2.6 Spellcasting
 + Level 5.0 Hexes
 - Level 2.8 Ice Magic
 + Level 1.0 Evocations


You had 6 spell levels left.
You knew the following spells:

 Your Spells              Type           Power        Failure   Level  Hunger
a - Corona                Hex            ###....      2%          1    #......
b - Ensorcelled Hibernat  Hex/Ice        #.....       8%          2    ##.....
c - Confuse               Hex            ###.....     10%         3    ###....


Dungeon Overview and Level Annotations

Branches:
Dungeon (7/15)             Temple (0/1) D:5

Altars:
Cheibriados
Elyvilon
Okawaru
Trog
Zin


Innate Abilities, Weirdness & Mutations

You are tiny and cannot use many weapons and most armour.
You have supernaturally acute eyesight.
You are a herbivore.
You cover ground extremely quickly.
You need consume almost no food.


Message History

The spriggan baker is moderately wounded.
The spriggan baker hits you with a dagger.
You closely miss the spriggan baker.
The spriggan baker is moderately wounded.
The spriggan baker misses you.
You closely miss the spriggan baker.
The spriggan baker is moderately wounded.
You hit the spriggan baker.
The spriggan baker is moderately wounded.
The spriggan baker hits you with a dagger!
Drink which item? (? for menu, Esc to quit)
You feel very mighty all of a sudden.
The spriggan baker hits you with a dagger!
* * * LOW HITPOINT WARNING * * *
You puncture the spriggan baker!
The spriggan baker is severely wounded.
You barely miss the spriggan baker.
The spriggan baker is severely wounded.
The spriggan baker hits you with a dagger!
You die...

... # ... #
... . # #§#
. # #.# #. #
#.# #.# .# #
#.# #..####
..## # #.#
#...<#
....## #.#
###i@# .....
#.# #...# #
#... #.#
#...# ..
##.. #†#
##...# #...#
##. #.#
#....###...#
#. #######.#
###........(
#. #!.....W#
##.......#
## #'####..#
#.###...#
##.#
#<.##...#
####


You could see a spriggan baker.

Vanquished Creatures
  Grinder (D:4)
  A sky beast (D:7)
  2 necrophages
  An ogre (D:4)
  The ghost of Dickchan the Changer, an amateur NaTm (D:3)
  A phantom (D:6)
  Blork the orc (D:4)
  A giant frog (D:6)
  A howler monkey (D:5)
  2 crimson imps
  A giant frog zombie (D:5)
  4 hounds
  An orc priest (D:4)
  3 jellies
  2 giant frog skeletons (D:6)
  Natasha (twice) (D:4)
  4 worker ants
  3 gnolls (D:3)
  9 adders
  An ooze (D:3)
  5 adder skeletons
  4 worms
  3 dart slugs
  4 giant geckos
  5 orcs
  5 bats
  2 giant cockroaches (D:1)
  3 hobgoblins
  16 jackals
  7 kobolds
  3 quokkas
  A ball python (D:1)
  7 giant newts
  9 goblins
  A quokka zombie (D:7)
  11 rats
128 creatures vanquished.

Notes
Turn   | Place    | Note
--------------------------------------------------------------
     0 | D:1      | KrisztiCat the Spriggan Enchanter began the quest for the Orb.
     0 | D:1      | Reached XP level 1. HP: 9/9 MP: 5/5
   167 | D:1      | Reached XP level 2. HP: 7/13 MP: 6/6
   690 | D:1      | Learned a level 2 spell: Ensorcelled Hibernation
   706 | D:1      | Reached XP level 3. HP: 10/16 MP: 2/8
  1758 | D:2      | Reached XP level 4. HP: 21/21 MP: 9/9
  1835 | D:2      | Reached skill level 1 in Ice Magic
  1941 | D:3      | Noticed Dickchan's ghost (amateur NaTm)
  1966 | D:3      | Killed Dickchan's ghost
  1966 | D:3      | Reached XP level 5. HP: 12/24 MP: 8/10
  2384 | D:3      | Found Zin's Purification Station.
  2389 | D:3      | Found a glowing silver altar of Zin.
  2398 | D:3      | Found a snail-covered altar of Cheibriados.
  2418 | D:3      | Bought a potion of curing for 90 gold pieces
  2752 | D:3      | Reached XP level 6. HP: 11/28 MP: 7/11
  2859 | D:3      | Reached skill level 5 in Short Blades
  2999 | D:3      | Learned a level 3 spell: Confuse
  3235 | D:4      | Reached skill level 5 in Stealth
  3333 | D:5      | Entered Level 5 of the Dungeon
  3463 | D:4      | Noticed Natasha
  3513 | D:4      | Killed Natasha
  3532 | D:4      | Reached skill level 6 in Stealth
  3656 | D:4      | Reached skill level 7 in Stealth
  3695 | D:4      | Noticed Natasha
  3702 | D:4      | Killed Natasha
  3834 | D:4      | Noticed Blork the orc
  3889 | D:4      | Killed Blork the orc
  3889 | D:4      | Reached skill level 8 in Stealth
  3889 | D:4      | Reached XP level 7. HP: 32/32 MP: 1/12
  4042 | D:4      | Noticed Grinder
  4067 | D:4      | Killed Grinder
  4067 | D:4      | Reached skill level 9 in Stealth
  4401 | D:5      | Found a staircase to the Ecumenical Temple.
  4522 | D:5      | Reached skill level 10 in Stealth
  4646 | D:5      | Reached XP level 8. HP: 37/37 MP: 2/13
  4789 | D:5      | Reached skill level 1 in Fighting
  4789 | D:5      | Reached skill level 11 in Stealth
  5136 | D:6      | Reached skill level 1 in Evocations
  5148 | D:6      | Found a bloodstained altar of Trog.
  5164 | D:6      | Found a white marble altar of Elyvilon.
  5475 | D:6      | Reached skill level 12 in Stealth
  5681 | D:6      | Found an iron altar of Okawaru.
  5930 | D:7      | Reached skill level 5 in Hexes
  5967 | D:7      | Slain by a spriggan baker

Skill      XL: |  1  2  3  4  5  6  7  8 |
---------------+-------------------------+-----
Short Blades   | 2 3 4 5 6 |  6.6
Ice Magic      | 2 |  2.8
Stealth        | 8 10 12 | 12.0
Fighting       | 1 |  1.9
Evocations     | 1 |  1.0
Hexes          | 5 |  5.0
Dodging        | |  3.0
Spellcasting   | |  2.6

Action                   |  1- 3 |  4- 6 |  7- 9 || total
-------------------------+-------+-------+-------++-------
Melee: Dagger            |   141 |   203 |   194 ||   538
 Cast: Ensorcelled Hiber |    15 |    44 |    20 ||    79
       Confuse           |       |     3 |    23 ||    26
Evoke: Wand              |       |       |     1 ||     1
  Use: Scroll            |     2 |     2 |     8 ||    12
       Potion            |       |     2 |     1 ||     3
 Stab: Sleeping          |    20 |    28 |    19 ||    67
       Distracted        |     2 |       |     1 ||     3
       Confused          |       |       |    12 ||    12
  Eat: Pizza             |       |     2 |       ||     2
       Bread ration      |       |     1 |       ||     1
       Fruit             |       |       |     1 ||     1
Armor: Robe              |    16 |    17 |    12 ||    45
Dodge: Dodged            |   102 |   113 |    84 ||   299
